 Dungeon Crawl Stone Soup version 0.28.0-62-gf88900778d (webtiles) character file.

Game seed: 4310069871260101725

0 Doomgape the Skirmisher (level 1, 0/14 HPs)
             Began as a Gargoyle Abyssal Knight on Jan 27, 2024.
             Was a Follower of Lugonu.
             Constricted to death by a starspawn tentacle (3 damage)
             ... attached to a tentacled starspawn
             ... on level 1 of the Abyss.
             The game lasted 00:00:44 (71 turns).

Doomgape the Skirmisher (Gargoyle Abyssal Knight)     Turns: 71, Time: 00:00:44

Health: 0/14       AC:  5    Str: 16    XL:     1   Next: 0%
Magic:  2/2        EV:  8    Int: 10    God:    Lugonu [*.....]
Gold:   0          SH:  0    Dex: 10    Spells: 0/0 levels left

rFire   . . .      SeeInvis .   a - +1 mace
rCold   . . .      Faith    .   (no shield)
rNeg    + . .      Spirit   .   b - +0 leather armour
rPois   ∞          Reflect  .   (no helmet)
rElec   +          Harm     .   (no cloak)
rCorr   .          Rampage  .   (no gloves)
Will    .....                   (no boots)
Stlth   +.........              (no amulet)
HPRegen 0.04/turn               (no ring)
MPRegen 0.08/turn               (no ring)

@: constricted
A: sickness immunity, AC +2, negative energy resistance 1, electricity
resistance, torment resistance 1, petrification resistance
a: Renounce Religion, Depart the Abyss


You were on level 1 of the Abyss.
You worshipped Lugonu.
Lugonu was aware of your devotion.
You visited 0 branches of the dungeon, and saw 0 of its levels.
You visited the Abyss 1 time.

Inventory:

Hand Weapons
 a - a +1 mace (weapon)
Armour
 b - a +0 leather armour (worn)


   Skills:
 + Level 3.2 Fighting
 + Level 2.0 Maces & Flails
 + Level 2.1 Armour
 + Level 0.7 Dodging
 + Level 2.0 Invocations


You couldn't memorise any spells.
You didn't know any spells.
Your spell library was empty.

Dungeon Overview and Level Annotations

Branches:
Dungeon (0/15)

Altars:


Innate Abilities, Weirdness & Mutations

You are immune to sickness and miasma.
Your stone body is resilient. (AC +2)
You are immune to poison.
You resist negative energy. (rN+)
You are resistant to electric shocks. (rElec)
You are resistant to unholy torment.
You are immune to petrification.


Message History

Welcome, Doomgape the Gargoyle Abyssal Knight.
The heart of this dungeon contains the fabled artefact, the Orb of Zot.
Lugonu says: Depart the Abyss and spread corruption, my servant! (use the ability menu to exit the Abyss) Press ? for a list of commands and other information.
Found a corrupted altar of Lugonu.
Found a corrupted altar of Lugonu.
There is a corrupted altar of Lugonu here.
Found a gateway leading out of the Abyss.
Unknown command.
A tentacled starspawn comes into view.
Tentacles burst from the starspawn's body! 2 starspawn tentacles come into view.
Unknown command.
The starspawn tentacle grabs you. The starspawn tentacle constricts you.
You escape the starspawn tentacle's grasp.
The starspawn tentacle grabs you. The starspawn tentacle constricts you.
You escape the starspawn tentacle's grasp.
Tentacles burst from the starspawn's body! 2 starspawn tentacles come into view.
The starspawn tentacle grabs you. The starspawn tentacle constricts you.
A starspawn tentacle segment comes into view.
You escape the starspawn tentacle's grasp.
A starspawn tentacle segment comes into view.
A quasit comes into view.
The quasit gives a chilling moan.
The starspawn tentacle misses you. The starspawn tentacle grabs you.
The starspawn tentacle constricts you.
* * * LOW HITPOINT WARNING * * *
You miss the quasit.
The starspawn tentacle loses its grip on you.
The tentacle pulls you backwards!
The starspawn tentacle barely misses you.
The quasit barely misses you.
The quasit claws you but does no damage. x2
The starspawn tentacle grabs you. The starspawn tentacle constricts you.
You die...

###. .#. ##.. #
. #...#. #
#.##.#..# #.
.......# ..
#..#..#.## .#
.#
.......5.#.###.
#....#.@.#.§.#
..#.##w##X##.#
..##..──.#.# .
#......│#.###..
####.....#....#
....###.....##
###.#...##..##
#.###.. #..# #
##.# .##.##..


You could see a tentacled starspawn, a starspawn tentacle and a quasit.

Vanquished Creatures (others)
  3 starspawn tentacles (Abyss:1)
3 creatures vanquished.

Notes
Turn   | Place    | Note
-------+----------+-------------------------------------------
     0 | Abyss:1  | Doomgape the Gargoyle Abyssal Knight began the quest for
                  | the Orb.
     0 | Abyss:1  | Reached XP level 1. HP: 14/14 MP: 2/2
     7 | Abyss:1  | Found a corrupted altar of Lugonu.
    53 | Abyss:1  | Noticed a tentacled starspawn
    67 | Abyss:1  | Noticed a quasit
    71 | Abyss:1  | Constricted to death by a starspawn tentacle

Illustrated notes

Levels and vault maps discovered:
Abyss:1:  base: Temple, base:
Temple

Action                   || total
-------------------------++-------
Melee: Mace              ||     1
Armor: Leather armour    ||     2
Dodge: Dodged            ||     3
